 Dungeon Crawl Stone Soup version 0.32-a0-35-gd9ff480968 (webtiles) character file.

Game seed: 6169304372931049643

6857 IdlyInterested the Fighter (level 10, -4/82 HPs)
             Began as a Demonspawn Gladiator on Jan 22, 2024.
             Slain by a ten-headed hydra (8 damage)
             ... on level 9 of the Dungeon.
             The game lasted 00:37:38 (7830 turns).

IdlyInterested the Fighter (Demonspawn Gladiator)   Turns: 7830, Time: 00:37:38

Health: -4/82      AC: 20    Str: 19    XL:     10   Next: 78%
Magic:  10/10      EV: 22    Int:  8    God:
Gold:   36         SH:  0    Dex: 21    Spells: 9/9 levels left

rFire   . . .        J - +2 dire flail (protect)
rCold   . . .        (shield currently unavailable)
rNeg    + . .        x - +2 scale mail {rN+}
rPois   +            (helmet restricted)
rElec   .            P - +0 cloak
rCorr   .            (no gloves)
SInv    .            (no boots)
Will    .....        F - amulet of regeneration
Stlth   +            M - +6 ring of dexterity
HPRegen 1.13/turn    H - +5 ring of evasion
MPRegen 0.12/turn

%: no passive effects
@: agile, under a protective aura
A: horns 2, slimy green scales 2, powered by pain 2, claws 1, talons 1, poison
resistance
a: no special abilities


You were on level 9 of the Dungeon.
You visited 2 branches of the dungeon, and saw 10 of its levels.

You collected 582 gold pieces.
You spent 546 gold pieces at shops.

Inventory:

Hand Weapons
 a - a +0 long sword
 j - a +3 whip of venom
 m - a +0 great sword
 J - a +2 dire flail of protection (weapon)
 U - a +1 mace of draining
Missiles
 d - 5 throwing nets
 e - a curare-tipped dart
 k - 108 stones (quivered)
 v - 27 poisoned darts
 D - 6 boomerangs
 I - a javelin
Armour
 t - a +0 troll leather armour
 x - a +2 scale mail of positive energy (worn)
 O - a +2 ring mail of cold resistance
 P - a +0 cloak (worn)
 X - a +0 pair of boots
 Y - +0 steam dragon scales
Jewellery
 q - a ring of poison resistance
 F - an amulet of regeneration (around neck)
 G - a ring of ice
 H - a +5 ring of evasion (right claw)
 M - a +6 ring of dexterity (left claw)
Wands
 C - a wand of mindburst (12)
 E - a wand of paralysis (2)
 N - a wand of roots (20)
Scrolls
 c - a scroll of fear {unknown}
 o - a scroll of torment {unknown}
 p - a scroll of amnesia
 u - 2 scrolls of immolation
 y - a scroll of enchant armour {unknown}
 A - 2 scrolls of identify
 R - a scroll of vulnerability
 S - 4 scrolls of teleportation
 T - a scroll of brand weapon
 V - a scroll of poison {unknown}
Potions
 b - a potion of magic {unknown}
 f - 2 potions of ambrosia
 g - a potion of haste
 h - 2 potions of attraction
 i - 5 potions of heal wounds
 l - a potion of resistance {unknown}
 n - a potion of degeneration {unknown}
 r - 2 potions of mutation
 s - a potion of might {unknown}
 w - 4 potions of curing
 z - 3 potions of enlightenment
 B - 3 potions of lignification
 L - a potion of invisibility
 Q - a potion of brilliance {unknown}
 W - a potion of berserk rage


   Skills:
 + Level 8.9 Fighting
 - Level 7.0 Long Blades
 + Level 7.8 Maces & Flails
 - Level 2.0 Throwing
 - Level 4.0 Armour
 - Level 4.0 Dodging
 - Level 2.0 Stealth
 - Level 4.0 Shields
 - Level 2.0 Unarmed Combat
 - Level 2.0 Evocations
 - Level 2.0 Shapeshifting


You had 9 spell levels left.
You didn't know any spells.
Your spell library contained the following spells:

 Spells                   Type           Power      Damage    Failure   Level
 Freeze                   Ice            0%         1d3       77%         1
 Frozen Ramparts          Ice            0%         1d1       98%         3
 Hailstorm                Conj/Ice       0%         3d5       98%         3
 Summon Blazeheart Golem  Fire/Summ      0%         N/A       100%        4
 Orb of Destruction       Conj           0%         9d5       100%        7
 Spellforged Servitor     Conj/Summ      0%         N/A       100%        7


Dungeon Overview and Level Annotations

Branches:
Dungeon (9/15)             Temple (1/1) D:7
   Lair: D:8-11         Orc: D:9-12

Altars:
Cheibriados
Dithmenos
Fedhas
Gozag
Hepliaklqana
Kikubaaqudgha
Makhleb
Nemelex Xobeh
Okawaru
Qazlal
Ru
Trog
Uskayaw
Vehumet
Wu Jian

Shops:
D:1 !   D:9 *

Annotations:
D:9 asd2613's ghost, novice DrSh


Innate Abilities, Weirdness & Mutations

You have a pair of horns on your head.
You are mostly covered in slimy green scales. (AC +3)
You sometimes gain power by taking damage.
You have sharp fingernails.
You have sharp toenails.
Your system is resistant to poisons. (rPois)


Message History

The nine-headed hydra misses you. x2
You barely miss the nine-headed hydra. You claw the nine-headed hydra.
The nine-headed hydra is moderately wounded.
The nine-headed hydra barely misses you.
The nine-headed hydra misses you.
The nine-headed hydra barely misses you.
The nine-headed hydra bites you but does no damage.
The nine-headed hydra completely misses you. x2
The nine-headed hydra barely misses you.
The nine-headed hydra bites you but does no damage.
The nine-headed hydra completely misses you.
You bludgeon the nine-headed hydra!! You headbutt the nine-headed hydra.
The nine-headed hydra is severely wounded.
The nine-headed hydra closely misses you.
The nine-headed hydra misses you.
The nine-headed hydra closely misses you. x2
The nine-headed hydra bites you.
* * * LOW HITPOINT WARNING * * *
The nine-headed hydra bites you but does no damage. x3
The nine-headed hydra closely misses you.
You sock the nine-headed hydra! You claw the nine-headed hydra.
You headbutt the nine-headed hydra!
The nine-headed hydra is almost dead.
The nine-headed hydra bites you but does no damage.
The nine-headed hydra completely misses you.
The nine-headed hydra misses you.
The nine-headed hydra closely misses you.
The nine-headed hydra bites you but does no damage.
The nine-headed hydra misses you. The nine-headed hydra bites you!
* * * LOW HITPOINT WARNING * * *
The nine-headed hydra closely misses you.
The nine-headed hydra bites you but does no damage.
You impale the nine-headed hydra!!
You kill the nine-headed hydra!
Unknown command.
You hit the ten-headed hydra.
The ten-headed hydra is lightly wounded.
The ten-headed hydra bites you but does no damage.
The ten-headed hydra barely misses you. The ten-headed hydra bites you!
You die...

.................................
...<........#######..............
............# #..............
............#######..............
........................W........
#######.............#######......
#..#########..#########'''#
#######..#########........##.....
................@DW.......#♣....(
#..#########..#########.[.#♣?.)..
#..# #..# #...#~..... #..#
#..#########...##~....
...#########...............##♣.♣#
............................#####
..........######..##########.....
..........######..# #.....
..................##########.....


You could see a ten-headed hydra and asd2613's ghost.

Vanquished Creatures
  A hydra (D:9)
  A cyclops (D:8)
  A troll (D:9)
  Grinder (D:5)
  Sigmund (D:3)
  A wraith (D:9)
  5 yaks (D:9)
  2 steam dragons
  Edmund (D:4)
  Duvessa (D:4)
  An acid dragon (D:8)
  3 black bears
  A water moccasin (D:7)
  2 orc warriors (D:9)
  2 ogres
  4 centaurs
  2 phantoms
  3 kobold brigands
  3 bullfrogs
  6 scorpions
  8 wights
  Dowan (D:4)
  6 killer bees
  A howler monkey (D:4)
  5 orc priests
  Crazy Yiuf (D:5)
  2 bombardier beetles (D:4)
  5 hounds
  2 jellies
  5 iguanas
  Terence (D:2)
  2 sleepcaps
  12 orc wizards
  6 adders
  A shadow imp (D:8)
  2 ufetubi (D:6)
  3 dart slugs (D:2)
  3 ribbon worms (D:2)
  38 orcs
  4 ball pythons
  4 bats
  10 endoplasms
  7 giant cockroaches
  6 hobgoblins
  4 frilled lizards
  11 goblins
  26 kobolds
  11 rats
229 creatures vanquished.

Notes
Turn   | Place    | Note
-------+----------+-------------------------------------------
     0 | D:1      | IdlyInterested the Demonspawn Gladiator began the quest for
                  | the Orb.
     0 | D:1      | Reached XP level 1. HP: 16/16 MP: 1/1
   122 | D:1      | Found Botredug's Distillery.
   200 | D:1      | Gained mutation: You sometimes gain a little power by
                  | taking damage. [demonic ancestry]
   200 | D:1      | Reached XP level 2. HP: 22/22 MP: 2/2
   629 | D:1      | Gained mutation: You are partially covered in slimy green
                  | scales. (AC +2) [demonic ancestry]
   629 | D:1      | Reached XP level 3. HP: 28/28 MP: 3/3
   992 | D:1      | Bought a potion of curing for 39 gold pieces
  1034 | D:2      | Noticed Terence
  1043 | D:2      | Killed Terence
  1044 | D:2      | Reached skill level 3 in Fighting
  1194 | D:2      | Reached XP level 4. HP: 35/35 MP: 4/4
  1936 | D:1      | Bought a potion of attraction for 39 gold pieces
  2280 | D:3      | Noticed Sigmund
  2294 | D:3      | Killed Sigmund
  2295 | D:3      | Reached skill level 4 in Fighting
  2295 | D:3      | Reached XP level 5. HP: 40/43 MP: 5/5
  2295 | D:3      | Gained mutation: You sometimes gain power by taking damage.
                  | [demonic ancestry]
  2295 | D:3      | Reached XP level 6. HP: 46/49 MP: 6/6
  2707 | D:4      | Reached skill level 5 in Long Blades
  2724 | D:4      | Reached skill level 5 in Fighting
  2792 | D:4      | Noticed Dowan
  2793 | D:4      | Noticed Duvessa
  2798 | D:4      | Gained mutation: You are mostly covered in slimy green
                  | scales. (AC +3) [demonic ancestry]
  2798 | D:4      | Reached XP level 7. HP: 48/56 MP: 7/7
  2808 | D:4      | Killed Dowan
  2812 | D:4      | Killed Duvessa
  2813 | D:4      | Reached skill level 6 in Fighting
  3057 | D:4      | Noticed Edmund
  3079 | D:4      | Killed Edmund
  3082 | D:4      | Reached XP level 8. HP: 34/65 MP: 8/8
  3179 | D:4      | Reached skill level 7 in Fighting
  3510 | D:1      | Bought a potion of heal wounds for 65 gold pieces
  3558 | D:5      | Entered Level 5 of the Dungeon
  3643 | D:5      | Found a runed translucent door.
  3644 | D:5      | Noticed Crazy Yiuf
  3807 | D:5      | Noticed Grinder
  3814 | D:5      | Paralysed by Grinder for 3 turns
  3820 | D:5      | Killed Grinder
  3821 | D:5      | Reached skill level 1 in Armour
  3879 | D:5      | Reached skill level 1 in Stealth
  4047 | D:5      | Reached skill level 1 in Evocations
  4153 | D:5      | Killed Crazy Yiuf
  4154 | D:5      | Reached skill level 8 in Fighting
  4277 | D:1      | Bought a potion of ambrosia for 104 gold pieces
  4397 | D:6      | Gained mutation: You have a pair of small horns on your
                  | head. [demonic ancestry]
  4397 | D:6      | Reached XP level 9. HP: 74/74 MP: 9/9
  4727 | D:6      | Reached skill level 5 in Maces & Flails
  4909 | D:1      | Bought a potion of enlightenment for 65 gold pieces
  4909 | D:1      | Bought a potion of berserk rage for 65 gold pieces
  5011 | D:7      | Reached skill level 1 in Shields
  5094 | D:7      | Gained mutation: You have sharp toenails. [potion of
                  | mutation]
  5094 | D:7      | Gained mutation: Your system is resistant to poisons.
                  | (rPois) [potion of mutation]
  5094 | D:7      | Gained mutation: You have sharp fingernails. [potion of
                  | mutation]
  5095 | D:7      | Found a staircase to the Ecumenical Temple.
  5108 | Temple   | Entered the Ecumenical Temple
  5474 | D:7      | Reached skill level 1 in Unarmed Combat
  5941 | D:1      | Bought a potion of curing for 39 gold pieces
  6150 | D:8      | Reached skill level 1 in Shapeshifting
  6251 | D:8      | Noticed a cyclops
  6263 | D:8      | Killed a cyclops
  6264 | D:8      | Gained mutation: You have a pair of horns on your head.
                  | [demonic ancestry]
  6264 | D:8      | Reached XP level 10. HP: 55/80 MP: 10/10
  6671 | D:1      | Bought 2 potions of heal wounds for 130 gold pieces
  7001 | D:9      | Found Ungiezum's Assorted Antiques.
  7067 | D:9      | Found a runed translucent gate.
  7067 | D:9      | Found a runed translucent gate.
  7067 | D:9      | Found a runed translucent gate.
  7071 | D:9      | Noticed a ten-headed hydra
  7071 | D:9      | Noticed asd2613's ghost (novice DrSh)
  7072 | D:9      | Noticed a nine-headed hydra
  7828 | D:9      | HP: 1/82 [nine-headed hydra (11)]
  7829 | D:9      | Killed a nine-headed hydra
  7830 | D:9      | Slain by a ten-headed hydra

Illustrated notes

Levels and vault maps discovered:
D:1:      elethiomel_arrival_shortcut, layout_basic, serial_shops, shop,
          minmay_misc_feat_tower, minmay_split_cup_small
D:2:      layout_basic, uniq_terence
D:3:      layout_loops_ring, uniq_sigmund
D:4:      layout_cave_pools, chequers_serial_rivers_micro_d, uniq_edmund,
          uniq_duvessa
D:5:      layout_gridville, uniq_grinder, uniq_crazy_yiuf_cottage
D:6:      layout_rooms
D:7:      layout_basic, minmay_temple_entry_mist
D:8:      layout_cave_pools, minmay_chambers_of_fives
D:9:      layout_long_grid, serial_shops, nicolae_shop_tiny_waterfront,
          gammafunk_ghost_hydra_chop, nicolae_tricolors
Temple:   nicolae_temple_bog_church

Skill      XL: |  1  2  3  4  5  6  7  8  9 10 |
---------------+-------------------------------+-----
Long Blades    | 3 4 5 6 7 |  7.0
Fighting       | 3 4 5 6 8 |  8.9
Maces & Flails | 4 7 |  7.8
Armour         | 1 2 4 |  4.0
Stealth        | 1 2 |  2.0
Evocations     | 1 2 |  2.0
Throwing       | 2 |  2.0
Shields        | 3 4 |  4.0
Unarmed Combat | 2 |  2.0
Shapeshifting  | 2 |  2.0
Dodging        | 4 |  4.0

Action                     |  1- 3 |  4- 6 |  7- 9 | 10-12 || total
---------------------------+-------+-------+-------+-------++-------
  Melee: Whip              |    93 |   120 |    90 |    80 ||   383
         Long sword        |     8 |       |       |       ||     8
         Punch             |     1 |     1 |     2 |     1 ||     5
         Dire flail        |       |       |   336 |    67 ||   403
         Headbutt          |       |       |    54 |    33 ||    87
         Kick              |       |       |    53 |    59 ||   112
         War axe           |       |       |     6 |       ||     6
  Throw: Stone             |       |     1 |    12 |    25 ||    38
         Javelin           |       |       |     1 |       ||     1
         Dart              |       |       |     3 |       ||     3
  Evoke: Wand              |       |       |       |     2 ||     2
    Use: Scroll            |       |       |     6 |       ||     6
         Potion            |       |       |     4 |     2 ||     6
   Stab: Sleeping          |     2 |       |       |       ||     2
 Armour: Leather armour    |    38 |       |       |       ||    38
         Scale mail        |     6 |    98 |   331 |   145 ||   580
  Dodge: Dodged            |    62 |    57 |   434 |   215 ||   768

Table legend: (Time is in decaauts)
 A = Elapsed time spent in this place.
 B = Non-inter-level travel time spent in this place.
 C = Inter-level travel time spent in this place.
 D = Time resting spent in this place.
 E = Time spent auto-exploring this place.
 F = Levels seen in this place.
 G = Mean time per level.
                   A        B        C        D        E       F      G
               +--------+--------+--------+--------+--------+-----+--------+
         Total |   7873 |   6519 |   1354 |    417 |   3807 |  10 |  787.3 |
       Dungeon |   7871 |   6517 |   1354 |    417 |   3807 |   9 |  874.6 |
        Temple |      1 |      1 |      0 |      0 |      0 |   1 |    1.0 |
               +--------+--------+--------+--------+--------+-----+--------+

Top non-repeatable levels by time:
     D:1: 1225 daAuts
     D:2: 1099 daAuts
     D:9: 982 daAuts
     D:5: 894 daAuts
     D:4: 886 daAuts
     D:7: 862 daAuts
     D:3: 833 daAuts
     D:8: 582 daAuts
     D:6: 504 daAuts
  Temple: 1 daAuts
